| TOP OF THE 1ST |
|
Roswell Invaders batting - Pitching for Tijuana Toros : LHP Bryan Rouse
|
|
Pitching: LHP Bryan Rouse
|
|
|
Batting: RHB Orlando Florez
|
0-0: Ball 1-0: Called Strike 1-1: Fly out, F9 (Flyball, 9LS, EV 80.6 MPH)
|
|
Batting: SHB Ethan Newby
|
0-0: Ball 1-0: Ball 2-0: Foul Ball, location: 2F 2-1: Foul Ball, location: 2F 2-2: Fly out, F8 (Flyball, 89M, EV 76.2 MPH)
|
|
Batting: LHB Dallas Kelly
|
0-0: Called Strike 0-1: Called Strike 0-2: Foul Ball, location: 2F 0-2: Ball 1-2: Ball 2-2: Ball 3-2: Fly out, F8 (Flyball, 8RM, EV 86.2 MPH)
|
| Top of the 1st over - 0 runs, 0 hits, 0 errors, 0 left on base; Roswell 0 - Tijuana 0 |
| BOTTOM OF THE 1ST |
|
Tijuana Toros batting - Pitching for Roswell Invaders : RHP John Palumbo
|
|
Pitching: RHP John Palumbo
|
|
|
Batting: RHB Theo Schepers
|
0-0: Ball 1-0: Ball 2-0: Ball 3-0: Base on Balls
|
|
Batting: RHB Chad Rojas
|
0-0: Called Strike 0-1: Ball 1-1: SINGLE (Groundball, 5S, EV 65.6 MPH) (infield hit) Theo Schepers to second
|
|
Batting: RHB Pat Adams
|
0-0: SINGLE (Line Drive, 3D, EV 106.2 MPH) Theo Schepers to third Chad Rojas to second
|
|
Batting: SHB Shane Marcum
|
0-0: Ball 1-0: GRAND SLAM HOME RUN (Flyball, 78XD, EV 104.4 MPH), Distance : 425 ft
|
|
Batting: RHB David Watkins
|
0-0: Ball 1-0: Ball 2-0: Called Strike 2-1: SINGLE (Line Drive, 9S, EV 91.2 MPH)
|
|
Batting: RHB Joe Bower
|
0-0: 2-RUN HOME RUN (Flyball, 89XD, EV 103.1 MPH), Distance : 414 ft
|
|
Batting: LHB Mesfin Azagba
|
0-0: Ball 1-0: Ball 2-0: Ball 3-0: Base on Balls
|
|
Pitching: RHP Jeff Whaley
|
|
|
Batting: RHB Mike Kaczor
|
0-0: 2-RUN HOME RUN (Flyball, 78XD, EV 111.2 MPH), Distance : 426 ft
|
|
Batting: RHB Will Barksdale
|
0-0: Swinging Strike 0-1: Ball 1-1: Foul Ball, location: 2F 1-2: Strikes out swinging
|
|
Batting: RHB Theo Schepers
|
0-0: Ball 1-0: Ground out U3 (Groundball, 13, EV 83.8 MPH)
|
|
Batting: RHB Chad Rojas
|
0-0: Called Strike 0-1: Swinging Strike 0-2: Ball 1-2: Ball 2-2: Strikes out swinging
|
| Bottom of the 1st over - 8 runs, 6 hits, 0 errors, 0 left on base; Roswell 0 - Tijuana 8 |
| TOP OF THE 2ND |
|
Roswell Invaders batting - Pitching for Tijuana Toros : LHP Bryan Rouse
|
|
Batting: RHB Mike Swift
|
0-0: SINGLE (Line Drive, 9S, EV 111.2 MPH)
|
|
Batting: RHB Josh Burrows
|
0-0: Called Strike 0-1: Swinging Strike 0-2: Ball 1-2: Strikes out looking
|
|
Batting: LHB Josh Thomas
|
0-0: Grounds into double play, 4-6-3 (Groundball, 4, EV 101.9 MPH)
|
| Top of the 2nd over - 0 runs, 1 hit, 0 errors, 0 left on base; Roswell 0 - Tijuana 8 |
| BOTTOM OF THE 2ND |
|
Tijuana Toros batting - Pitching for Roswell Invaders : RHP Jeff Whaley
|
|
Batting: RHB Pat Adams
|
0-0: Called Strike 0-1: Ball 1-1: Ball 2-1: Ball 3-1: Called Strike 3-2: DOUBLE (Line Drive, 9LD, EV 110.6 MPH)
|
|
Pitching: RHP Jake Priest
|
|
|
Batting: SHB Shane Marcum
|
0-0: Ball 1-0: DOUBLE (Line Drive, 5D, EV 97.5 MPH) Pat Adams scores
|
|
Batting: RHB David Watkins
|
0-0: Called Strike 0-1: Ground out 4-3 (Groundball, 34, EV 91.9 MPH) Shane Marcum to third
|
|
Batting: RHB Joe Bower
|
0-0: Called Strike 0-1: Fly out, F8 (Flyball, 89M, EV 85.6 MPH) Runner from 3rd tags up, SCORES, no throw by CF
|
|
Batting: LHB Mesfin Azagba
|
0-0: Swinging Strike 0-1: Reached on error, E3 (Groundball, 3, EV 84.4 MPH)
|
|
Batting: RHB Mike Kaczor
|
0-0: Ball 1-0: Ball 2-0: Fly out, F8 (Flyball, 8LM, EV 91.2 MPH)
|
| Bottom of the 2nd over - 2 runs, 2 hits, 1 error, 1 left on base; Roswell 0 - Tijuana 10 |
| TOP OF THE 3RD |
|
Roswell Invaders batting - Pitching for Tijuana Toros : LHP Bryan Rouse
|
|
Batting: RHB Cody Savastand
|
0-0: Ball 1-0: Fly out, F9 (Flyball, 9LM, EV 89.4 MPH)
|
|
Batting: LHB Afanasy Apatenko
|
0-0: Ball 1-0: Foul Ball, location: 2F 1-1: Foul Ball, location: 2F 1-2: Foul Ball, location: 2F 1-2: Strikes out swinging
|
|
Batting: LHB Falco van Koeveringe
|
0-0: Called Strike 0-1: Fly out, F8 (Flyball, 8LD, EV 98.1 MPH)
|
| Top of the 3rd over - 0 runs, 0 hits, 0 errors, 0 left on base; Roswell 0 - Tijuana 10 |
| BOTTOM OF THE 3RD |
|
Tijuana Toros batting - Pitching for Roswell Invaders : RHP Jake Priest
|
|
Pitching: LHP Jeff Haight
|
|
|
Batting: RHB Will Barksdale
|
0-0: Ball 1-0: Ball 2-0: Foul Ball, location: 2F 2-1: Foul Ball, location: 2F 2-2: SINGLE (Line Drive, 4D, EV 96.9 MPH)
|
|
Batting: RHB Theo Schepers
|
0-0: Ball 1-0: Swinging Strike 1-1: Called Strike 1-2: Foul Ball, location: 2F 1-2: Foul Ball, location: 2F 1-2: Ball 2-2: Ball 3-2: Base on Balls Will Barksdale to second
|
|
Batting: RHB Chad Rojas
|
0-0: Called Strike 0-1: Swinging Strike 0-2: Foul Ball, location: 2F 0-2: Ball 1-2: Ball Wild Pitch! Will Barksdale to third Theo Schepers to second 2-2: Ball 3-2: Fly out, F8 (Flyball, 8LD, EV 82.5 MPH) Runner from 3rd tags up, SCORES, throw by CF
|
|
Pitching: RHP Jaylen Hatten
|
|
|
Batting: RHB Pat Adams
|
0-0: Foul Ball, location: 2F 0-1: Ball 1-1: Called Strike 1-2: Strikes out looking
|
|
Batting: SHB Shane Marcum
|
0-0: Called Strike 0-1: Ball 1-1: Ball 2-1: Foul Ball, location: 2F 2-2: Ball 3-2: Fly out, F7 (Flyball, 7, EV 89.4 MPH)
|
| Bottom of the 3rd over - 1 run, 1 hit, 0 errors, 1 left on base; Roswell 0 - Tijuana 11 |
| TOP OF THE 4TH |
|
Roswell Invaders batting - Pitching for Tijuana Toros : LHP Bryan Rouse
|
|
Batting: RHB Orlando Florez
|
0-0: Foul Ball, location: 2F 0-1: Ball 1-1: SINGLE (Groundball, 4D, EV 95.6 MPH)
|
|
Batting: SHB Ethan Newby
|
0-0: Foul Ball, location: 2F 0-1: Swinging Strike 0-2: Ball 1-2: Foul Ball, location: 2F 1-2: Ball 2-2: Strikes out swinging
|
|
Batting: LHB Dallas Kelly
|
0-0: Called Strike 0-1: Swinging Strike 0-2: Ball 1-2: Ball 2-2: Foul Ball, location: 2F 2-2: Ball 3-2: Ground out 4-3 (Groundball, 4, EV 85.6 MPH) Orlando Florez to second
|
|
Batting: RHB Mike Swift
|
0-0: Ground out 6-3 (Groundball, 6, EV 110.0 MPH)
|
| Top of the 4th over - 0 runs, 1 hit, 0 errors, 1 left on base; Roswell 0 - Tijuana 11 |
| BOTTOM OF THE 4TH |
|
Tijuana Toros batting - Pitching for Roswell Invaders : RHP Jaylen Hatten
|
|
Batting: RHB David Watkins
|
0-0: Swinging Strike 0-1: Foul Ball, location: 2F 0-2: SINGLE (Flyball, 4D, EV 93.8 MPH)
|
|
Batting: RHB Joe Bower
|
0-0: Foul Ball, location: 2F 0-1: Called Strike 0-2: Ball 1-2: Strikes out swinging
|
|
Batting: LHB Mesfin Azagba
|
0-0: Fielders Choice at 2nd, 4-6 (Groundball, 4MD, EV 90.0 MPH)
|
|
Pitching: LHP Travis Osorio
|
|
|
Batting: RHB Mike Kaczor
|
0-0: Ball 1-0: Called Strike 1-1: Fielders Choice at 2nd, 6-4 (Groundball, 6, EV 97.5 MPH)
|
| Bottom of the 4th over - 0 runs, 1 hit, 0 errors, 1 left on base; Roswell 0 - Tijuana 11 |
| TOP OF THE 5TH |
|
Roswell Invaders batting - Pitching for Tijuana Toros : LHP Bryan Rouse
|
|
Batting: RHB Josh Burrows
|
0-0: Called Strike 0-1: Ball 1-1: Ball 2-1: SINGLE (Line Drive, 78M, EV 109.4 MPH)
|
|
Batting: LHB Josh Thomas
|
0-0: Ball 1-0: DOUBLE (Flyball, 7LM, EV 112.5 MPH) Josh Burrows to third
|
|
Batting: RHB Cody Savastand
|
0-0: Ball 1-0: Foul Ball, location: 2F 1-1: Foul Ball, location: 2F 1-2: Ball 2-2: Strikes out swinging
|
|
Batting: LHB Afanasy Apatenko
|
0-0: Foul Ball, location: 2F 0-1: Ball 1-1: Ball 2-1: Foul Ball, location: 2F 2-2: Ball 3-2: Ground out 4-3 (Groundball, 4, EV 81.2 MPH) Josh Burrows scores Josh Thomas to third
|
|
Batting: LHB Falco van Koeveringe
|
0-0: Fly out, F9 (Line Drive, 9, EV 101.9 MPH)
|
| Top of the 5th over - 1 run, 2 hits, 0 errors, 1 left on base; Roswell 1 - Tijuana 11 |
| BOTTOM OF THE 5TH |
|
Tijuana Toros batting - Pitching for Roswell Invaders : LHP Travis Osorio
|
|
Batting: RHB Will Barksdale
|
0-0: Ball 1-0: Ball 2-0: Foul Ball, location: 2F 2-1: Ball 3-1: Base on Balls
|
|
Batting: RHB Theo Schepers
|
0-0: Ball 1-0: Ball 2-0: Foul Ball, location: 2F 2-1: Ball 3-1: Base on Balls Will Barksdale to second
|
|
Batting: RHB Chad Rojas
|
0-0: Fly out, F7 (Line Drive, 7, EV 85.6 MPH)
|
|
Batting: RHB Pat Adams
|
0-0: Swinging Strike 0-1: Foul Ball, location: 2F 0-2: Ball 1-2: Ball 2-2: Ball 3-2: Strikes out swinging
|
|
Batting: SHB Shane Marcum
|
0-0: Fly out, F8 (Flyball, 8LM, EV 83.8 MPH)
|
| Bottom of the 5th over - 0 runs, 0 hits, 0 errors, 2 left on base; Roswell 1 - Tijuana 11 |
| TOP OF THE 6TH |
|
Roswell Invaders batting - Pitching for Tijuana Toros : LHP Bryan Rouse
|
|
Batting: RHB Orlando Florez
|
0-0: Ball 1-0: Called Strike 1-1: Swinging Strike 1-2: Ball 2-2: Fly out, F8 (Flyball, 78S, EV 90.0 MPH)
|
|
Batting: SHB Ethan Newby
|
0-0: Ball 1-0: Fly out, F3 (Popup, 3SF, EV 83.8 MPH)
|
|
Batting: LHB Dallas Kelly
|
0-0: Ball 1-0: Ground out U3 (Groundball, 3L, EV 98.8 MPH)
|
| Top of the 6th over - 0 runs, 0 hits, 0 errors, 0 left on base; Roswell 1 - Tijuana 11 |
| BOTTOM OF THE 6TH |
|
Tijuana Toros batting - Pitching for Roswell Invaders : LHP Travis Osorio
|
|
Batting: RHB David Watkins
|
0-0: Swinging Strike 0-1: Ball 1-1: DOUBLE (Flyball, 8RXD, EV 113.1 MPH)
|
|
Batting: RHB Joe Bower
|
0-0: Called Strike 0-1: Ball 1-1: SINGLE (Groundball, 56D, EV 109.4 MPH) (infield hit) David Watkins to third
|
|
Pitching: LHP Henry Torres
|
|
|
Batting: LHB Mesfin Azagba
|
0-0: Called Strike 0-1: Ball 1-1: Ball 2-1: Foul Ball, location: 2F 2-2: Ball 3-2: Hit by Pitch Joe Bower to second
|
|
Batting: RHB Mike Kaczor
|
0-0: Swinging Strike 0-1: Ball 1-1: Called Strike 1-2: Strikes out swinging
|
|
Batting: RHB Will Barksdale
|
0-0: Called Strike 0-1: Ball 1-1: Ball 2-1: Ball 3-1: Base on Balls David Watkins scores Joe Bower to third Mesfin Azagba to second
|
|
Batting: RHB Theo Schepers
|
0-0: DOUBLE (Line Drive, 9LS, EV 92.5 MPH) Joe Bower scores Mesfin Azagba scores Will Barksdale to third
|
|
Batting: RHB Chad Rojas
|
0-0: Ball 1-0: DOUBLE (Line Drive, 3D, EV 95.0 MPH) Will Barksdale scores Theo Schepers scores
|
|
Batting: RHB Pat Adams
|
0-0: Ball 1-0: Called Strike 1-1: SINGLE (Groundball, 6MD, EV 98.8 MPH) Chad Rojas to third Runner from 3rd tries for Home, SAFE, throw by CF to home
|
|
Batting: SHB Shane Marcum
|
0-0: Ball 1-0: SINGLE (Line Drive, 8LS, EV 88.1 MPH) Pat Adams to second
|
|
Batting: RHB David Watkins
|
0-0: Ball 1-0: Ball 2-0: Ball 3-0: Base on Balls Pat Adams to third Shane Marcum to second
|
|
Batting: RHB Joe Bower
|
0-0: SINGLE (Groundball, 6D, EV 99.4 MPH) Pat Adams scores Shane Marcum to third David Watkins to second Throwing error, E7 Shane Marcum scores David Watkins to third Joe Bower to second
|
|
Batting: LHB Mesfin Azagba
|
0-0: Ground out 5-3 (Groundball, 5, EV 86.9 MPH)
|
|
Batting: RHB Mike Kaczor
|
0-0: Fly out, F9 (Flyball, 89XD, EV 85.0 MPH)
|
| Bottom of the 6th over - 8 runs, 7 hits, 1 error, 2 left on base; Roswell 1 - Tijuana 19 |
| TOP OF THE 7TH |
|
Roswell Invaders batting - Pitching for Tijuana Toros : LHP Bryan Rouse
|
|
Batting: RHB Mike Swift
|
0-0: Ball 1-0: Ball 2-0: Ball 3-0: Called Strike 3-1: Ground out 6-3 (Groundball, 56, EV 86.2 MPH)
|
|
Batting: RHB Josh Burrows
|
0-0: Swinging Strike 0-1: Fly out, F9 (Flyball, 9, EV 85.0 MPH)
|
|
Batting: LHB Josh Thomas
|
0-0: Foul Ball, location: 2F 0-1: Foul Ball, location: 2F 0-2: Foul Ball, location: 2F 0-2: Fly out, F8 (Flyball, 8LS, EV 88.1 MPH)
|
| Top of the 7th over - 0 runs, 0 hits, 0 errors, 0 left on base; Roswell 1 - Tijuana 19 |
| BOTTOM OF THE 7TH |
|
Tijuana Toros batting - Pitching for Roswell Invaders : LHP Henry Torres
|
|
Pinch Hitting: RHB Justin Curran
|
0-0: DOUBLE (Groundball, 5L, EV 101.9 MPH)
|
|
Batting: RHB Theo Schepers
|
0-0: Ball 1-0: SINGLE (Groundball, 6MD, EV 108.8 MPH) Justin Curran to third
|
|
Batting: RHB Chad Rojas
|
0-0: Ball 1-0: Fielders Choice at 2nd, 5-4 (Groundball, 56S, EV 88.1 MPH) Justin Curran scores
|
|
Pinch Hitting: RHB Djoka Subasic
|
0-0: DOUBLE (Line Drive, 9LM, EV 94.4 MPH) Chad Rojas to third
|
|
Batting: SHB Shane Marcum
|
0-0: SINGLE (Groundball, 6D, EV 97.5 MPH) Chad Rojas scores Djoka Subasic to third Runner from 3rd tries for Home, throw by LF and OUT! 7-2
|
|
Batting: RHB David Watkins
|
0-0: Called Strike 0-1: Swinging Strike 0-2: Strikes out looking
|
| Bottom of the 7th over - 2 runs, 4 hits, 0 errors, 1 left on base; Roswell 1 - Tijuana 21 |
| TOP OF THE 8TH |
|
Roswell Invaders batting - Pitching for Tijuana Toros : LHP Bryan Rouse
|
|
Pitching: RHP Jordan Amaker
|
|
|
Now at 2B: Djoka Subasic
|
|
|
Now in LF: Justin Curran
|
|
|
Batting: RHB Cody Savastand
|
0-0: Called Strike 0-1: Foul Ball, location: 2F 0-2: Ball 1-2: Strikes out looking
|
|
Batting: LHB Afanasy Apatenko
|
0-0: Swinging Strike 0-1: Ball 1-1: Ball 2-1: Foul Ball, location: 2F 2-2: Foul Ball, location: 2F 2-2: Strikes out swinging
|
|
Batting: LHB Falco van Koeveringe
|
0-0: Ball 1-0: Fly out, F3 (Flyball, 3D, EV 88.8 MPH)
|
| Top of the 8th over - 0 runs, 0 hits, 0 errors, 0 left on base; Roswell 1 - Tijuana 21 |
| BOTTOM OF THE 8TH |
|
Tijuana Toros batting - Pitching for Roswell Invaders : LHP Henry Torres
|
|
Batting: RHB Joe Bower
|
0-0: Ball 1-0: Called Strike 1-1: Ball 2-1: Ball 3-1: Foul Ball, location: 2F 3-2: Base on Balls
|
|
Batting: LHB Mesfin Azagba
|
0-0: Fly out, F7 (Flyball, 78D, EV 95.6 MPH)
|
|
Batting: LHB Chris Buchan
|
0-0: Hit by Pitch Joe Bower to second
|
|
Pinch Runner at 1st Nate Kee:
|
|
|
Batting: RHB Justin Curran
|
0-0: Called Strike 0-1: Ball 1-1: Ball 2-1: Ball 3-1: Foul Ball, location: 2F 3-2: Base on Balls Joe Bower to third Nate Kee to second
|
|
Batting: RHB Theo Schepers
|
0-0: Swinging Strike 0-1: Ball 1-1: Ball 2-1: Ball 3-1: Swinging Strike 3-2: Foul Ball, location: 2F 3-2: Strikes out looking
|
|
Batting: RHB Chad Rojas
|
0-0: SINGLE (Flyball, 3D, EV 92.5 MPH) Joe Bower scores Nate Kee to third Justin Curran to second Runner from 3rd tries for Home, SAFE, throw by RF to home
|
|
Batting: RHB Djoka Subasic
|
0-0: Ball 1-0: Ball 2-0: Fielders Choice at 2nd, 5-4 (Groundball, 56, EV 86.2 MPH)
|
| Bottom of the 8th over - 2 runs, 1 hit, 0 errors, 2 left on base; Roswell 1 - Tijuana 23 |
| TOP OF THE 9TH |
|
Roswell Invaders batting - Pitching for Tijuana Toros : RHP Jordan Amaker
|
|
Batting: RHB Orlando Florez
|
0-0: Foul Ball, location: 2F 0-1: Ball 1-1: SINGLE (Groundball, 34D, EV 96.2 MPH)
|
|
Batting: SHB Ethan Newby
|
0-0: Ball 1-0: Foul Ball, location: 2F 1-1: Foul Ball, location: 2F 1-2: Strikes out swinging
|
|
Batting: LHB Dallas Kelly
|
0-0: Ball 1-0: Called Strike 1-1: Foul Ball, location: 2F 1-2: Strikes out looking
|
|
Batting: RHB Mike Swift
|
0-0: Swinging Strike 0-1: Ball 1-1: Ground out 1-3 (Groundball, 15S, EV 68.8 MPH)
|
| Top of the 9th over - 0 runs, 1 hit, 0 errors, 1 left on base; Roswell 1 - Tijuana 23 |
|